 Dungeon Crawl Stone Soup version 0.25.1-2-g60ff931df9 (webtiles) character file.

Game seed: 14290061243174346093

4534 Curus the Severer (level 10, -1/74 HPs)
             Began as a Minotaur Gladiator on Aug 23, 2020.
             Was a Priest of Trog.
             Slain by a wyvern (10 damage)
             ... on level 10 of the Dungeon on Aug 24, 2020.
             The game lasted 00:44:26 (9006 turns).

Curus the Severer (Minotaur Gladiator)              Turns: 9006, Time: 00:44:27

Health: -1/74      AC: 15    Str: 20    XL:     10   Next: 17%
Magic:  9/9        EV:  6    Int:  8    God:    Trog [***...]
Gold:   540        SH:  0    Dex: 11    Spells: 9/9 levels left

rFire    . . .     SeeInvis .   t - +0 battleaxe
rCold    + . .     Gourm    .   (shield currently unavailable)
rNeg     . . .     Faith    .   e - +2 plate armour
rPois    .         Spirit   .   c - +0 hat
rElec    .         Reflect  .   x - +0 cloak
rCorr    .         Harm     .   s - +1 pair of gloves
MR       ++...                  (no boots)
Stlth    ..........             r - amulet of magic regeneration
HPRegen  1.22/turn              (no ring)
MPRegen  0.36/turn              p - ring of protection from cold

@: berserk cooldown, regenerating, slowed, very slow
A: retaliatory headbutt, horns 2
a: Berserk, Trog's Hand, Renounce Religion


You were on level 10 of the Dungeon.
You worshipped Trog.
Trog was most pleased with you.
You were not hungry.

You visited 1 branch of the dungeon, and saw 10 of its levels.

You collected 585 gold pieces.
You spent 45 gold pieces at shops.

Inventory:

Hand Weapons
 a - a +2 war axe
 t - a +0 battleaxe (weapon)
Missiles
 d - 6 throwing nets (quivered)
Armour
 b - a +0 leather armour
 c - a +0 hat (worn)
 e - a +2 plate armour (worn)
 j - a +0 pair of gloves
 s - a +1 pair of gloves (worn)
 x - a +0 cloak (worn)
Jewellery
 n - an uncursed ring of wizardry
 p - a ring of protection from cold (right hand)
 r - an amulet of magic regeneration (around neck)
 w - a cursed ring of teleportation
Wands
 l - a wand of acid (9)
 u - a wand of paralysis (10)
 v - a wand of flame (14)
Scrolls
 h - 10 scrolls of identify
 i - 3 scrolls of fog
 o - 6 scrolls of remove curse
 q - 3 scrolls of teleportation
 y - a scroll of magic mapping
 z - a scroll of random uselessness
Potions
 g - 4 potions of curing
 k - 2 potions of flight
 m - 2 potions of stabbing
Comestibles
 f - 16 rations
 A - 10 chunks of flesh


   Skills:
 - Level 2.4 Fighting
 + Level 16.8 Axes
 - Level 2.0 Throwing
 - Level 3.2 Dodging


You had 9 spell levels left.
You didn't know any spells.
Your spell library was empty.

Dungeon Overview and Level Annotations

Branches:
Dungeon (10/15)            Temple (0/1) D:6            Lair (0/6) D:10
    Orc: D:9-12

Altars:
Ashenzari
Fedhas
Gozag
Hepliaklqana
Kikubaaqudgha
Nemelex Xobeh
Okawaru
Qazlal
Sif Muna
Trog
Uskayaw
Vehumet
Yredelemnul

Shops:
D:7 =   D:9 ?


Innate Abilities, Weirdness & Mutations

You reflexively headbutt those who attack you in melee.
You have a pair of horns on your head.


Message History

You furiously retaliate!
You headbutt the wyvern, but do no damage.
Your plate armour prevents you from hitting the wyvern.
Your headbutt misses the wyvern.
The wyvern is moderately wounded.
The wyvern bites you but does no damage.
The wyvern bites you.
* * * LOW HITPOINT WARNING * * *
Your skin crawls.
You feel resistant to hostile enchantments.
You feel quite a bit more hungry.
You can no longer call in reinforcements.
The wyvern bites you!
* * * LOW HITPOINT WARNING * * *
The wyvern bites you but does no damage.
You closely miss the wyvern.
You headbutt the wyvern, but do no damage.
The wyvern is moderately wounded.
The wyvern bites you!
You die...

......'...#.........
......#...#........#
......#...#........#
......##'##........#
...................# #
..................## .#
..##########......# ..#
..# #....l####.... ..#
#....@##...... ..#
#.....#....... ..#
#...).)....... ..#
#...))).....>.
.<##########.............
.................#.......
.............?...##......
.................# ##....
.....(............ ....


You could see a wyvern.

Vanquished Creatures
  An ugly thing (D:9)
  A centaur skeleton (D:10)
  A troll (D:9)
  2 wargs (D:10)
  Duvessa (D:7)
  An ice beast (D:5)
  3 orc warriors
  A sky beast (D:6)
  7 ogres
  4 centaurs
  A big kobold (D:10)
  4 bullfrogs
  Dowan (D:7)
  4 scorpions
  A wyvern skeleton (D:9)
  A water moccasin skeleton (D:5)
  4 killer bees (D:10)
  A crimson imp (D:5)
  2 bullfrog zombies
  5 hounds
  A centaur zombie (D:6)
  3 orc priests
  A bullfrog skeleton (D:4)
  3 jellies
  Crazy Yiuf (D:7)
  Jessica (D:2)
  6 orc wizards
  4 worker ants
  Natasha (D:2)
  A hound skeleton (D:6)
  7 gnolls
  8 adders
  A howler monkey skeleton (D:9)
  2 oozes
  An adder skeleton (D:8)
  A worm (D:3)
  2 dart slugs
  6 leopard geckos
  23 orcs
  5 giant cockroaches
  10 hobgoblins
  4 jackals
  11 kobolds
  6 quokkas
  10 bats
  7 frilled lizards
  A giant cockroach zombie (D:6)
  11 goblins
  A leopard gecko skeleton (D:4)
  7 rats
192 creatures vanquished.

Notes
Turn   | Place    | Note
-------+----------+-------------------------------------------
     0 | D:1      | Curus the Minotaur Gladiator began the quest for the Orb.
     0 | D:1      | Reached XP level 1. HP: 18/18 MP: 0/0
    57 | D:1      | Reached skill level 4 in Axes
   205 | D:1      | Reached XP level 2. HP: 21/25 MP: 1/1
   344 | D:1      | Reached skill level 5 in Axes
   528 | D:1      | Reached XP level 3. HP: 30/30 MP: 2/2
   754 | D:2      | Noticed Jessica
   762 | D:2      | Killed Jessica
   864 | D:2      | Reached XP level 4. HP: 37/37 MP: 3/3
   865 | D:2      | Reached skill level 6 in Axes
   959 | D:2      | Found a bloodstained altar of Trog.
  1008 | D:2      | Became a worshipper of Trog the Wrathful
  1081 | D:2      | Found a hide-covered altar of Uskayaw.
  1332 | D:2      | Found a blossoming altar of Fedhas.
  1494 | D:2      | Noticed Natasha
  1502 | D:2      | Killed Natasha
  1502 | D:2      | Reached skill level 7 in Axes
  1502 | D:2      | Reached XP level 5. HP: 26/42 MP: 4/4
  1652 | D:3      | Found a stormy altar of Qazlal.
  1702 | D:3      | Found a hazy altar of Hepliaklqana.
  1926 | D:3      | Reached * piety under Trog
  2201 | D:4      | Found an ancient bone altar of Kikubaaqudgha.
  2304 | D:4      | Found a sparkling altar of Nemelex Xobeh.
  2349 | D:4      | Reached skill level 8 in Axes
  2349 | D:4      | Reached XP level 6. HP: 48/50 MP: 5/5
  3141 | D:5      | Entered Level 5 of the Dungeon
  3193 | D:5      | Reached skill level 9 in Axes
  3452 | D:5      | Noticed an ice beast
  3463 | D:5      | Killed an ice beast
  3463 | D:5      | Reached ** piety under Trog
  3463 | D:5      | Reached XP level 7. HP: 42/56 MP: 6/6
  3571 | D:5      | Found a radiant altar of Vehumet.
  3718 | D:5      | Reached skill level 10 in Axes
  4451 | D:6      | Reached skill level 11 in Axes
  4779 | D:6      | Reached XP level 8. HP: 59/62 MP: 7/7
  4986 | D:6      | Found a shimmering blue altar of Sif Muna.
  5161 | D:6      | Found a staircase to the Ecumenical Temple.
  5383 | D:7      | Noticed Dowan
  5383 | D:7      | Noticed Duvessa
  5512 | D:7      | Reached skill level 12 in Axes
  5855 | D:7      | Reached skill level 13 in Axes
  5863 | D:7      | Killed Duvessa
  5879 | D:7      | Killed Dowan
  5879 | D:7      | Reached *** piety under Trog
  6046 | D:7      | Found a shattered altar of Ashenzari.
  6444 | D:7      | Found Mumarch's Jewellery Boutique.
  6447 | D:7      | Bought a cursed ring of teleportation for 45 gold pieces
  6487 | D:7      | Found a runed translucent door.
  6488 | D:7      | Noticed Crazy Yiuf
  6493 | D:7      | Killed Crazy Yiuf
  6573 | D:8      | Reached XP level 9. HP: 59/68 MP: 8/8
  6582 | D:8      | Reached skill level 14 in Axes
  7621 | D:9      | Found a basalt altar of Yredelemnul.
  7644 | D:9      | Noticed a troll
  7658 | D:9      | Killed a troll
  7658 | D:9      | Reached skill level 15 in Axes
  7909 | D:9      | Found Plog's Magic Scroll Boutique.
  8159 | D:9      | Noticed a cyan ugly thing
  8166 | D:9      | Killed a cyan ugly thing
  8331 | D:9      | Found an opulent altar of Gozag.
  8331 | D:9      | Found an iron altar of Okawaru.
  8422 | D:9      | Reached skill level 16 in Axes
  8457 | D:10     | Entered Level 10 of the Dungeon
  8618 | D:10     | Reached XP level 10. HP: 69/74 MP: 9/9
  8969 | D:10     | Found a staircase to the Lair.
  8985 | D:10     | Reached **** piety under Trog
  9006 | D:10     | Slain by a wyvern

Illustrated notes

Levels and vault maps discovered:
D:1:      saegor_arrival_under_anarchy, layout_loops_cross, minmay_heptomino_w4
D:2:      kb_forest_paths, layout_basic, nicolae_overflow_crystal_walls,
          fedhas_altar_1, old_standard_altar, first_ration, uniq_natasha,
          uniq_jessica
D:3:      layout_rooms, grunt_qazlal_sundering, lemuel_doored_altar
D:4:      layout_gridville, kiku_gazebo_garden_becter, kennysheep_mini_moat,
          hangedman_decor_points
D:5:      layout_basic, lemuel_crystal_altar, dk_rats_in_the_wall
D:6:      layout_basic, led_sif_book, temple_green, minmay_misc_feat_five,
          corexii_shack
D:7:      layout_rooms, lemuel_coloured_pillars_altar, serial_shops,
          nicolae_shop_behind_doors, uniq_crazy_yiuf_cottage, uniq_duvessa
D:8:      layout_gridville
D:9:      layout_cave_pools, lemuel_crystal_altar,
          gammafunk_temple_overflow_elements, serial_shops, shop_scrolls
D:10:     layout_irregular_city, erik_lair_orcish_takeover, hangedman_ranch
          [blue_anna_fruit_fields], uniq_joseph

Skill      XL: |  1  2  3  4  5  6  7  8  9 |
---------------+----------------------------+-----
Axes           | 4 5 7 8 9 11 13 16 | 16.8
Fighting       | |  2.4
Throwing       | |  2.0
Dodging        | |  3.2

Action                   |  1- 3 |  4- 6 |  7- 9 | 10-12 || total
-------------------------+-------+-------+-------+-------++-------
Melee: War axe           |    66 |   165 |   142 |       ||   373
       Headbutt          |     7 |    21 |    47 |     5 ||    80
       Battleaxe         |       |       |   140 |    38 ||   178
Invok: Berserk           |       |       |     3 |     2 ||     5
       Trog's Hand       |       |       |       |     1 ||     1
Evoke: Wand              |       |       |     4 |       ||     4
  Use: Scroll            |     6 |     7 |     4 |       ||    17
       Potion            |     2 |     5 |     2 |       ||     9
  Eat: Chunk             |       |     8 |    15 |     4 ||    27
       Ration            |       |       |     1 |       ||     1
Armor: Leather armour    |     6 |       |       |       ||     6
       Plate armour      |    39 |   114 |   151 |    47 ||   351
Dodge: Dodged            |    30 |    51 |    71 |    19 ||   171
